Map: Acropolis LE

Players

WookieMonsta - Winner!

  • Race: Terran Terran
  • League: Gold
  • Spawn Location: 11:00

A.I. 1 (Elite)

  • Race: Protoss Protoss
  • Spawn Location: 5:00

A.I. 1 (Elite)

  • Race: Protoss Protoss
  • Spawn Location: 5:00

VOD

Have the link to the VOD?

Description

Time

  • Played on: Oct. 4, 2019, 4:27 p.m.
  • Length: 17:47
Show
View Real Time Build Order
Export as new Build Order

WookieMonsta Terran - Winner!

Build Orders:  

Get SALT Encoding   

  12  0:02  SCV  
  13  0:14  SCV  
  14  0:18  Supply Depot  
  14  0:26  SCV  
  15  0:32  Refinery  
  15  0:40  SCV  
  16  0:46  Barracks  
  16  1:00  SCV  
  17  1:12  SCV  
  18  1:24  SCV  
  19  1:34  Supply Depot  
  19  1:36  Orbital Command  
  19  1:53  Factory  
  19  1:55  Reaper  
  20  2:06  Refinery  
  20  2:17  Barracks  
  20  2:37  Starport  
  20  2:45  Barracks Reactor  
  20  2:53  Supply Depot, SCV  
  20  3:05  SCV  
  21  3:17  SCV  
  23  3:20  Command Center  
  23  3:28  Starport Reactor  
  23  3:29  SCV  
  23  3:31  Marine x2  
  26  3:36  Barracks Tech Lab  
  26  3:40  Factory Tech Lab  
  25  3:41  SCV  
  26  3:48  Marine  
  26  3:49  Marine  
  26  3:54  SCV  
  29  4:01  Marine  
  30  4:04  Combat Shield  
  30  4:06  Marine x2, SCV  
  33  4:10  Supply Depot, Engineering Bay  
  33  4:13  Medivac  
  35  4:19  Medivac, Marine  
  38  4:24  Marine  
  39  4:31  SCV, Marine  
  39  4:37  Supply Depot  
  41  4:43  Orbital Command, SCV  
  42  4:51  Medivac  
  44  4:52  Supply Depot  
  44  4:55  SCV  
  45  5:05  Marine x2  
  48  5:08  Marauder, SCV  
  48  5:13  Widow Mine  
  52  5:20  SCV  
  53  5:29  Marauder  
  55  5:36  Terran Infantry Weapons Level 1  
  55  5:43  Barracks  
  55  5:45  Marine x2  
  57  5:50  Marauder  
  59  6:01  Medivac  
  59  6:02  Marine  
  59  6:03  Marine  
  63  6:12  Marauder  
  65  6:20  Marine x2  
  67  6:30  Armory  
  67  6:32  Barracks  
  67  6:33  Marauder  
  67  6:37  Refinery  
  67  6:38  Marine, SCV  
  71  6:45  Supply Depot  
  71  6:50  SCV  
  72  6:55  Marauder  
  72  6:58  Stimpack  
  74  7:02  SCV  
  74  7:03  Marine x3  
  74  7:08  Supply Depot  
  78  7:14  SCV  
  79  7:16  Marauder  
  79  7:20  Marine  
  79  7:21  Marine x2  
  84  7:26  Barracks Reactor, SCV  
  85  7:30  Terran Infantry Armor Level 1  
  85  7:31  Supply Depot  
  85  7:37  Marine  
  85  7:38  SCV, Marine x2  
  90  7:47  Barracks Reactor  
  90  7:50  SCV  
  90  7:54  Supply Depot  
  90  7:55  Marauder  
  90  7:56  Marine x2  
  94  8:02  SCV  
  95  8:14  Marine x2  
  95  8:15  Marine x2, SCV  
  95  8:17  Marauder  
  102  8:21  Medivac x2  
  102  8:27  Drilling Claws, SCV  
  107  8:32  Marine x2  
  107  8:33  Marine x2  
  111  8:37  Marine  
  106  8:49  Marine  
  106  8:50  Marine  
  106  8:51  Marine x4  
  106  8:54  Command Center  
  111  8:56  Marauder, Supply Depot  
  113  9:07  Marine x2  
  113  9:08  Marine  
  113  9:09  Marine x2  
  118  9:17  Marauder  
  118  9:21  Marine  
  118  9:23  Medivac x2  
  118  9:24  Terran Infantry Weapons Level 2  
  125  9:25  Marine  
  125  9:26  Supply Depot  
  126  9:36  Marine x3  
  129  9:39  Marauder  
  131  9:48  Supply Depot  
  131  9:53  Medivac  
  133  10:00  Marauder  
  128  10:08  Marine x3  
  128  10:09  Marine x2  
  104  10:19  Marine  
  79  10:21  Marauder  
  79  10:26  Marine x4  
  79  10:27  Marine  
  84  10:32  Barracks  
  84  10:34  SCV  
  85  10:36  Orbital Command  
  85  10:37  Marine  
  88  10:43  Marauder  
  88  10:46  SCV  
  81  10:56  Marine x4  
  71  10:57  Marine x2  
  68  11:04  Marauder  
  68  11:08  SCV  
  62  11:14  Marine x4  
  62  11:15  Marine x2  
  68  11:20  SCV  
  68  11:21  Barracks  
  68  11:25  Marauder, Medivac x2  
  73  11:31  Marine  
  73  11:32  SCV, Marine x4  
  73  11:33  Marine  
  73  11:37  Barracks Reactor  
  75  11:44  SCV  
  78  11:47  Marauder  
  78  11:49  Marine x3  
  78  11:50  Marine x2  
  78  11:51  Marine  
  84  11:55  Medivac  
  84  11:56  Supply Depot  
  86  12:07  Marine x5  
  86  12:08  Supply Depot, Marine x2, Marauder  
  93  12:13  Terran Infantry Weapons Level 3  
  95  12:18  Supply Depot  
  95  12:19  Engineering Bay  
  95  12:22  Medivac  
  95  12:25  Medivac, Marine x5  
  95  12:26  Marine x2  
  95  12:27  Marine  
  95  12:29  Marine  
  110  12:30  Marauder  
  110  12:42  Supply Depot  
  110  12:43  Marine x5  
  110  12:44  Marine x3  
  115  12:47  Marine  
  121  12:51  Marauder  
  121  12:52  Medivac  
  122  13:00  Marine  
  122  13:01  Marine x3, Reaper  
  122  13:02  Command Center, Marine  
  110  13:12  Marauder  
  112  13:15  Marine  
  112  13:16  Marine x2  
  112  13:18  Marine x2  
  112  13:19  Marine x3  
  120  13:33  Marine x3  
  120  13:34  Marauder, Marine  
  125  13:36  Marine x2  
  125  13:37  Marine x3  
  131  13:51  Medivac x2, Marine x3  
  131  13:52  Marine  
  131  13:54  Marine  
  131  13:55  Marauder  
  125  14:16  Marauder  
  121  14:20  Medivac  
  121  14:21  Medivac, Marine x2  
  121  14:22  Marine x2  
  121  14:23  Marine x5  
  133  14:38  Marauder  
  131  14:39  Marine x2  
  131  14:40  Marine x3  
  131  14:41  Marine x3  
  131  14:42  Marine  
  131  14:50  Terran Infantry Armor Level 2, Medivac  
  132  14:57  Marine x3  
  132  14:58  Marine x2  
  132  14:59  Marauder, Marine x4  
  142  15:14  Marine  
  142  15:15  Marine  
  142  15:17  SCV  
  142  15:21  Marauder  
  144  15:24  Refinery  
  144  15:34  Marine  
  144  15:35  Marine x4  
  147  15:36  Marine x2  
  147  15:37  Marine x2  
  147  15:42  Marauder  
  155  15:52  Marine  
  155  15:53  Marine x4  
  155  15:54  Marine x2  
  162  16:03  Marauder  
  161  16:14  Marine x3  
  161  16:15  Marine x4  
  161  16:16  Marine x2  
  170  16:25  Marauder, Medivac x2  
  176  16:31  Marine  
  176  16:32  Marine x2  
  179  16:33  Marine x4  
  179  16:34  Marine x2  
  184  16:46  Marauder  
  185  16:49  Marine  
  185  16:50  Marine x3  
  185  16:51  Marine x2  
  191  16:55  Medivac x2  
  195  17:08  Marauder  
  197  17:24  Command Center  
Show
View Real Time Build Order
Export as new Build Order

A.I. 1 (Elite) Protoss 

Build Orders: 1 Gate Expand, Zealot Archon 

Get SALT Encoding   

  12  0:00  Probe  
  13  0:13  Probe  
  14  0:20  Pylon  
  14  0:25  Probe  
  15  0:34  Probe  
  15  0:42  Probe  
  17  0:51  Gateway  
  17  0:52  Probe  
  18  1:00  Probe  
  19  1:13  Probe  
  19  1:16  Nexus  
  20  1:26  Probe  
  21  1:36  Pylon  
  21  1:38  Zealot  
  23  1:44  Cybernetics Core  
  23  1:47  Assimilator  
  23  1:54  Probe  
  24  2:02  Probe  
  25  2:10  Probe  
  26  2:18  Probe  
  26  2:20  Pylon  
  27  2:27  Probe x2  
  28  2:32  Warp Gate, Gateway  
  28  2:36  Probe  
  29  2:40  Assimilator  
  30  2:47  Stalker  
  32  2:52  Pylon, Probe  
  32  2:55  Probe  
  34  3:04  Probe  
  35  3:07  Probe  
  35  3:10  Adept  
  36  3:18  Probe, Adept  
  41  3:20  Probe  
  42  3:27  Robotics Facility  
  42  3:28  Probe  
  42  3:31  Probe  
  44  3:36  Probe  
  44  3:40  Adept  
  47  3:43  Probe  
  47  3:44  Pylon  
  47  3:47  Probe  
  48  3:48  Adept  
  51  3:55  Probe  
  52  4:05  Probe  
  52  4:08  Pylon  
  52  4:09  Probe  
  54  4:10  Adept  
  54  4:13  Probe  
  54  4:14  Immortal  
  60  4:21  Probe  
  62  4:26  Stalker  
  64  4:36  Gateway  
  64  4:38  Robotics Facility  
  64  4:40  Probe  
  64  4:41  Probe  
  64  4:44  Stalker  
  68  4:46  Pylon  
  68  4:47  Stalker  
  68  4:49  Pylon  
  70  4:56  Immortal  
  70  5:04  Probe x2  
  76  5:14  Stalker  
  78  5:22  Zealot  
  78  5:25  Pylon  
  80  5:30  Zealot  
  82  5:36  Twilight Council  
  82  5:38  Assimilator  
  82  5:40  Forge  
  82  5:41  Assimilator  
  82  5:46  Forge  
  82  5:48  Nexus  
  82  6:03  Probe  
  82  6:04  Probe  
  84  6:13  Probe  
  84  6:14  Templar Archives  
  85  6:21  Gateway  
  85  6:25  Pylon  
  85  6:39  Photon Cannon  
  85  6:43  Zealot  
  85  6:45  Sentry  
  85  6:47  Photon Cannon  
  89  6:49  Stalker  
  89  6:52  Photon Cannon  
  91  6:54  Warp Prism  
  91  6:57  Pylon, High Templar  
  91  6:59  Warp Prism  
  91  7:00  Probe x3  
  100  7:02  Protoss Ground Weapons Level 1  
  100  7:05  Assimilator  
  100  7:07  Pylon  
  100  7:08  Stalker  
  100  7:12  Probe  
  100  7:13  Probe x2, Sentry, Assimilator  
  107  7:16  High Templar  
  109  7:24  Probe  
  109  7:25  Probe x2  
  109  7:26  Stalker  
  109  7:28  Observer  
  114  7:35  Archon  
  114  7:36  Probe  
  116  7:38  High Templar, Probe x2  
  116  7:39  Photon Cannon  
  116  7:40  Photon Cannon  
  120  7:44  Protoss Ground Armor Level 1, Gateway  
  120  7:48  Probe  
  120  7:49  High Templar  
  120  7:50  Probe  
  124  7:51  Probe  
  124  7:53  Pylon  
  125  7:58  Probe  
  125  8:00  Probe  
  125  8:01  Pylon  
  125  8:03  Probe  
  128  8:07  High Templar, Archon  
  130  8:12  Probe  
  130  8:14  High Templar  
  130  8:16  Photon Cannon  
  133  8:21  Photon Cannon  
  133  8:23  Photon Cannon, High Templar  
  135  8:31  Archon  
  135  8:33  High Templar  
  137  8:34  Photon Cannon  
  137  8:40  Photon Cannon, Zealot, Nexus  
  139  8:41  Zealot  
  139  8:44  Pylon  
  139  8:46  Zealot  
  131  8:55  Probe  
  125  8:56  Zealot  
  125  8:58  Zealot  
  125  9:02  High Templar  
  131  9:05  Pylon, Zealot  
  131  9:06  High Templar  
  131  9:07  Probe  
  112  9:10  Probe  
  112  9:16  Zealot  
  115  9:19  Zealot  
  115  9:20  Probe  
  115  9:22  Nexus  
  115  9:23  Probe  
  115  9:24  Archon  
  119  9:25  Zealot  
  119  9:31  Assimilator  
  121  9:32  Probe  
  121  9:34  Zealot  
  121  9:36  High Templar, Zealot  
  121  9:37  Pylon, Probe  
  129  9:39  High Templar  
  129  9:44  Probe  
  132  9:46  Zealot  
  132  9:49  Probe  
  135  9:52  Archon  
  135  9:54  High Templar  
  135  9:56  Probe, Zealot  
  135  9:58  Probe  
  141  10:00  Zealot  
  141  10:01  Probe  
  141  10:05  High Templar  
  104  10:18  Stalker  
  104  10:21  Adept  
  96  10:22  Probe  
  96  10:23  Probe  
  96  10:24  Archon  
  96  10:25  High Templar  
  96  10:26  Probe  
  101  10:30  Nexus  
  101  10:31  Stalker  
  101  10:34  High Templar, Probe  
  106  10:36  Probe  
  106  10:38  Probe  
  106  10:39  Stalker  
  110  10:43  Stalker  
  110  10:46  Probe  
  101  10:50  Probe  
  101  10:53  Adept  
  101  10:55  Zealot  
  98  10:57  Stalker  
  98  10:58  Probe  
  98  11:00  Probe  
  98  11:03  Probe  
  97  11:06  High Templar, Adept  
  97  11:08  Zealot  
  103  11:13  Probe  
  103  11:14  Probe  
  103  11:15  Zealot  
  107  11:20  Sentry  
  109  11:29  High Templar  
  111  11:33  Stalker  
  111  11:34  Assimilator  
  111  11:36  Assimilator  
  111  11:37  Stalker  
  111  11:38  Assimilator  
  115  11:42  Stalker  
  115  11:43  Archon  
  117  11:56  Pylon, High Templar  
  117  11:58  Pylon  
  119  12:02  Zealot  
  119  12:05  High Templar  
  123  12:08  Stalker  
  123  12:12  Psionic Storm  
  123  12:13  Sentry  
  127  12:16  Photon Cannon  
  127  12:21  Pylon  
  127  12:23  Photon Cannon  
  127  12:26  Pylon, Protoss Ground Weapons Level 2  
  127  12:29  Zealot, High Templar  
  131  12:32  Zealot  
  131  12:36  Zealot  
  135  12:38  Zealot  
  135  12:42  Photon Cannon  
  135  12:43  Blink  
  137  12:44  Photon Cannon  
  137  12:47  Photon Cannon, Zealot  
  137  12:50  Photon Cannon, Zealot  
  141  12:56  Zealot  
  141  12:58  Zealot  
  143  13:00  Zealot  
  143  13:01  Observer, Sentry  
  143  13:03  Zealot  
  110  13:11  Zealot  
  110  13:18  Adept  
  110  13:20  Zealot  
  110  13:22  Adept  
  110  13:24  Zealot  
  110  13:26  High Templar  
  118  13:27  Observer  
  118  13:30  Gateway  
  118  13:32  Robotics Facility  
  119  13:34  Nexus  
  119  13:38  Archon, Sentry  
  119  13:40  Stalker  
  123  13:42  Zealot  
  123  13:44  Zealot  
  127  13:48  Stargate  
  127  13:52  Forge  
  127  13:57  Zealot  
  127  13:58  Zealot  
  127  14:01  Probe x2  
  127  14:02  High Templar  
  131  14:03  Zealot  
  131  14:04  Adept  
  103  14:11  Stalker  
  80  14:17  Stalker  
  80  14:18  Adept, Stalker  
  78  14:24  Zealot, High Templar  
  70  14:33  Probe x2  
  70  14:34  High Templar, Adept, Stalker  
  70  14:36  Probe  
  75  14:41  Stalker  
  75  14:44  Stalker  
  73  14:52  Probe  
  57  14:54  Zealot, Probe  
  57  14:56  Zealot  
  57  14:57  Adept  
  60  15:01  Zealot  
  60  15:04  Stalker  
  60  15:06  Sentry  
  39  15:14  High Templar  
  39  15:17  High Templar  
  42  15:26  High Templar  
  36  15:33  High Templar  
  32  15:40  High Templar  
  27  15:47  High Templar  
  25  15:55  High Templar  
  16  16:15  Nexus  
Show
View Real Time Build Order
Export as new Build Order

A.I. 1 (Elite) Protoss 

Build Orders: 1 Gate Expand, Zealot Archon 

Get SALT Encoding   

  12  0:00  Probe  
  13  0:13  Probe  
  14  0:20  Pylon  
  14  0:25  Probe  
  15  0:34  Probe  
  15  0:42  Probe  
  17  0:51  Gateway  
  17  0:52  Probe  
  18  1:00  Probe  
  19  1:13  Probe  
  19  1:16  Nexus  
  20  1:26  Probe  
  21  1:36  Pylon  
  21  1:38  Zealot  
  23  1:44  Cybernetics Core  
  23  1:47  Assimilator  
  23  1:54  Probe  
  24  2:02  Probe  
  25  2:10  Probe  
  26  2:18  Probe  
  26  2:20  Pylon  
  27  2:27  Probe x2  
  28  2:32  Warp Gate, Gateway  
  28  2:36  Probe  
  29  2:40  Assimilator  
  30  2:47  Stalker  
  32  2:52  Probe, Pylon  
  32  2:55  Probe  
  34  3:04  Probe  
  35  3:07  Probe  
  35  3:10  Adept  
  36  3:18  Probe, Adept  
  41  3:20  Probe  
  42  3:27  Robotics Facility  
  42  3:28  Probe  
  42  3:31  Probe  
  44  3:36  Probe  
  44  3:40  Adept  
  47  3:43  Probe  
  47  3:44  Pylon  
  47  3:47  Probe  
  48  3:48  Adept  
  51  3:55  Probe  
  52  4:05  Probe  
  52  4:08  Pylon  
  52  4:09  Probe  
  54  4:10  Adept  
  54  4:13  Probe  
  54  4:14  Immortal  
  60  4:21  Probe  
  62  4:26  Stalker  
  64  4:36  Gateway  
  64  4:38  Robotics Facility  
  64  4:40  Probe  
  64  4:41  Probe  
  64  4:44  Stalker  
  68  4:46  Pylon  
  68  4:47  Stalker  
  68  4:49  Pylon  
  70  4:56  Immortal  
  70  5:04  Probe x2  
  76  5:14  Stalker  
  78  5:22  Zealot  
  78  5:25  Pylon  
  80  5:30  Zealot  
  82  5:36  Twilight Council  
  82  5:38  Assimilator  
  82  5:40  Forge  
  82  5:41  Assimilator  
  82  5:46  Forge  
  82  5:48  Nexus  
  82  6:03  Probe  
  82  6:04  Probe  
  84  6:13  Probe  
  84  6:14  Templar Archives  
  85  6:21  Gateway  
  85  6:25  Pylon  
  85  6:39  Photon Cannon  
  85  6:43  Zealot  
  85  6:45  Sentry  
  85  6:47  Photon Cannon  
  89  6:49  Stalker  
  89  6:52  Photon Cannon  
  91  6:54  Warp Prism  
  91  6:57  High Templar, Pylon  
  91  6:59  Warp Prism  
  91  7:00  Probe x3  
  100  7:02  Protoss Ground Weapons Level 1  
  100  7:05  Assimilator  
  100  7:07  Pylon  
  100  7:08  Stalker  
  100  7:12  Probe  
  100  7:13  Assimilator, Probe x2, Sentry  
  107  7:16  High Templar  
  109  7:24  Probe  
  109  7:25  Probe x2  
  109  7:26  Stalker  
  109  7:28  Observer  
  114  7:35  Archon  
  114  7:36  Probe  
  116  7:38  High Templar, Probe x2  
  116  7:39  Photon Cannon  
  116  7:40  Photon Cannon  
  120  7:44  Gateway, Protoss Ground Armor Level 1  
  120  7:48  Probe  
  120  7:49  High Templar  
  120  7:50  Probe  
  124  7:51  Probe  
  124  7:53  Pylon  
  125  7:58  Probe  
  125  8:00  Probe  
  125  8:01  Pylon  
  125  8:03  Probe  
  128  8:07  Archon, High Templar  
  130  8:12  Probe  
  130  8:14  High Templar  
  130  8:16  Photon Cannon  
  133  8:21  Photon Cannon  
  133  8:23  High Templar, Photon Cannon  
  135  8:31  Archon  
  135  8:33  High Templar  
  137  8:34  Photon Cannon  
  137  8:40  Zealot, Nexus, Photon Cannon  
  139  8:41  Zealot  
  139  8:44  Pylon  
  139  8:46  Zealot  
  131  8:55  Probe  
  125  8:56  Zealot  
  125  8:58  Zealot  
  125  9:02  High Templar  
  131  9:05  Zealot, Pylon  
  131  9:06  High Templar  
  131  9:07  Probe  
  112  9:10  Probe  
  112  9:16  Zealot  
  115  9:19  Zealot  
  115  9:20  Probe  
  115  9:22  Nexus  
  115  9:23  Probe  
  115  9:24  Archon  
  119  9:25  Zealot  
  119  9:31  Assimilator  
  121  9:32  Probe  
  121  9:34  Zealot  
  121  9:36  Zealot, High Templar  
  121  9:37  Probe, Pylon  
  129  9:39  High Templar  
  129  9:44  Probe  
  132  9:46  Zealot  
  132  9:49  Probe  
  135  9:52  Archon  
  135  9:54  High Templar  
  135  9:56  Zealot, Probe  
  135  9:58  Probe  
  141  10:00  Zealot  
  141  10:01  Probe  
  141  10:05  High Templar  
  104  10:18  Stalker  
  104  10:21  Adept  
  96  10:22  Probe  
  96  10:23  Probe  
  96  10:24  Archon  
  96  10:25  High Templar  
  96  10:26  Probe  
  101  10:30  Nexus  
  101  10:31  Stalker  
  101  10:34  High Templar, Probe  
  106  10:36  Probe  
  106  10:38  Probe  
  106  10:39  Stalker  
  110  10:43  Stalker  
  110  10:46  Probe  
  101  10:50  Probe  
  101  10:53  Adept  
  101  10:55  Zealot  
  98  10:57  Stalker  
  98  10:58  Probe  
  98  11:00  Probe  
  98  11:03  Probe  
  97  11:06  High Templar, Adept  
  97  11:08  Zealot  
  103  11:13  Probe  
  103  11:14  Probe  
  103  11:15  Zealot  
  107  11:20  Sentry  
  109  11:29  High Templar  
  111  11:33  Stalker  
  111  11:34  Assimilator  
  111  11:36  Assimilator  
  111  11:37  Stalker  
  111  11:38  Assimilator  
  115  11:42  Stalker  
  115  11:43  Archon  
  117  11:56  High Templar, Pylon  
  117  11:58  Pylon  
  119  12:02  Zealot  
  119  12:05  High Templar  
  123  12:08  Stalker  
  123  12:12  Psionic Storm  
  123  12:13  Sentry  
  127  12:16  Photon Cannon  
  127  12:21  Pylon  
  127  12:23  Photon Cannon  
  127  12:26  Protoss Ground Weapons Level 2, Pylon  
  127  12:29  Zealot, High Templar  
  131  12:32  Zealot  
  131  12:36  Zealot  
  135  12:38  Zealot  
  135  12:42  Photon Cannon  
  135  12:43  Blink  
  137  12:44  Photon Cannon  
  137  12:47  Zealot, Photon Cannon  
  137  12:50  Zealot, Photon Cannon  
  141  12:56  Zealot  
  141  12:58  Zealot  
  143  13:00  Zealot  
  143  13:01  Sentry, Observer  
  143  13:03  Zealot  
  110  13:11  Zealot  
  110  13:18  Adept  
  110  13:20  Zealot  
  110  13:22  Adept  
  110  13:24  Zealot  
  110  13:26  High Templar  
  118  13:27  Observer  
  118  13:30  Gateway  
  118  13:32  Robotics Facility  
  119  13:34  Nexus  
  119  13:38  Archon, Sentry  
  119  13:40  Stalker  
  123  13:42  Zealot  
  123  13:44  Zealot  
  127  13:48  Stargate  
  127  13:52  Forge  
  127  13:57  Zealot  
  127  13:58  Zealot  
  127  14:01  Probe x2  
  127  14:02  High Templar  
  131  14:03  Zealot  
  131  14:04  Adept  
  103  14:11  Stalker  
  80  14:17  Stalker  
  80  14:18  Stalker, Adept  
  78  14:24  Zealot, High Templar  
  70  14:33  Probe x2  
  70  14:34  Stalker, Adept, High Templar  
  70  14:36  Probe  
  75  14:41  Stalker  
  75  14:44  Stalker  
  73  14:52  Probe  
  57  14:54  Zealot, Probe  
  57  14:56  Zealot  
  57  14:57  Adept  
  60  15:01  Zealot  
  60  15:04  Stalker  
  60  15:06  Sentry  
  39  15:14  High Templar  
  39  15:17  High Templar  
  42  15:26  High Templar  
  36  15:33  High Templar  
  32  15:40  High Templar  
  27  15:47  High Templar  
  25  15:55  High Templar  
  16  16:15  Nexus  
Tags
 
Add a new tag
Caveats
  • Supply blocks, unpowered buildings, or Contaminate may cause inaccurate times.
  • Supply counts are checked every 10 seconds.